 Dungeon Crawl Stone Soup version bcrawl-1.38.1 (webtiles) character file.

Game seed: 1799202387068170313

10042559 Morbidden the Eclecticist (level 22, -6/185 HPs)
             Began as a Fairy Conjurer on Apr 4, 2023.
             Was the Champion of Cheibriados.
             Mangled by a vault warden
             ... wielding a +4 battleaxe of chopping
              (37 damage)
             ... on level 3 of the Vaults.
             The game lasted 01:34:36 (40327 turns).

Morbidden the Eclecticist (Fairy Conjurer)         Turns: 40327, Time: 01:34:37

Health: -6/185     AC: 35    Str: 26    XL:     22   Next: 18%
Magic:  26/46      EV: 58    Int: 48    God:    Cheibriados [******]
Gold:   2133       SH: 32    Dex: 35    Spells: 7/57 levels left

rFire    + . .     GDR:     46% i - +9 rapier (holy)
rCold    . . .     SeeInvis .   E - +3 medium shield of Impatience {rF+ Int+3}
rNeg     + . .     Gourm    .   (armour unavailable)
rPois    ∞         Faith    .   d - +2 hat {Int+3}
rElec    +         Spirit   .   A - +1 cloak
rCorr    .         Reflect  +   (gloves currently unavailable)
MR       ++...     Clarity  +   (boots currently unavailable)
Stlth    ++++......             U - +3 amulet of reflection
HPRegen  0.40/turn              N - +5 ring of evasion
MPRegen  0.30/turn              P - ring of Phasing {EV+8}

@: mighty, agile, lethally poisoned (-6 -> -6), statue-form, flying evasively,
very slightly contaminated, very slow
A: small, magic attunement, unstealthy, unfitting armour, able to fly, AC/SH +10
}: 2/15 runes: barnacled, gossamer
a: Stop Flying, End Transformation, Bend Time, Defer, Temporal Distortion, Step
From Time, Renounce Religion


You were on level 3 of the Vaults.
You worshipped Cheibriados.
Cheibriados was exalted by your worship.
You were not hungry.
You were a stone statue.
You visited 8 branches of the dungeon, and saw 32 of its levels.
You also visited: Gauntlet.

You collected 4153 gold pieces.
You spent 2020 gold pieces at shops.

Inventory:

Hand Weapons
 a - a +2 dagger of venom
 b - a +1 dagger of electrocution
 i - a +9 rapier of holy wrath (weapon)
Missiles
 r - 79 exploding tomahawks
 B - 1391 poisoned tomahawks (quivered)
 C - 7 throwing nets {=f}
Armour
 d - a +2 hat of intelligence (worn)
 p - a +2 hat of see invisible
 w - the +2 buckler of Mirth {rC+ Str+2 Stlth+}
   (You bought it in a shop in the Orcish Mines)

   It affects your strength (+2).
   It protects you from cold.
   It makes you more stealthy.
 y - a +2 medium shield
 A - a +1 cloak (worn)
 E - the +3 medium shield of Impatience (worn) {rF+ Int+3}
   (You took it off Asterion on level 3 of the Elven Halls)

   It affects your intelligence (+3).
   It protects you from fire.
 X - the +1 pair of gloves "Orubuass" (melded) {*Slow Str+8 Slay+4}
   (You acquired it on level 2 of the Elven Halls)

   It affects your strength (+8).
   It affects your accuracy and damage with ranged weapons and melee attacks
   (+4).
   It may slow you when you take damage.
 Z - the +4 pair of boots of the Many Hells (melded) {rPois}
   (You found it on level 3 of the Elven Halls)

   It protects you from poison.
Jewellery
 o - the ring of Shadows {Umbra +Inv rN+ Stlth++}
   (You found it on level 1 of the Vaults)

   [ring of stealth]

   It protects you from negative energy.
   It lets you turn invisible.
   It makes you much more stealthy.
 z - an uncursed ring of see invisible
 N - a +5 ring of evasion (left hand)
 P - the ring of Phasing (right hand) {EV+8}
   (You found it in a Gauntlet)

   [ring of evasion]

   It affects your evasion (+8).
 T - the amulet "Dorygauz" {Inacc rF+}
   (You found it in a Gauntlet)

   [amulet of inaccuracy]

   It reduces the accuracy of all your attacks.
   It protects you from fire.
 U - a +3 amulet of reflection (around neck)
 W - an uncursed ring of insulation
 Y - the amulet "Aguor" {RegenMP Stlth+}
   (You found it on level 3 of the Lair of Beasts)

   [amulet of magic regeneration]

   It increases your magic regeneration.
   It makes you more stealthy.
Wands
 t - a wand of flame (40)
 u - a wand of iceblast (43)
 v - a wand of charming (19)
 G - a wand of scattershot (6)
 I - a wand of disintegration (29)
 J - a wand of paralysis (17)
 O - a wand of acid (17)
 R - a wand of digging (19)
Scrolls
 f - 4 scrolls of teleportation
 g - 11 scrolls of amnesia
 h - 9 scrolls of enchant armour
 m - 7 scrolls of immolation
 n - 9 scrolls of magic mapping
 s - 14 scrolls of remove curse
 L - 2 scrolls of silence
 S - 6 scrolls of enchant weapon
Potions
 c - 5 potions of agility
 j - 25 potions of curing
 k - 9 potions of heal wounds
 l - 3 potions of flight
 q - 5 potions of ambrosia
 x - 4 potions of mutation
 D - 5 potions of magic
 F - 3 potions of lignification
 H - 3 potions of resistance
 K - 4 potions of berserk rage
 M - 8 potions of haste
 V - a potion of might
Miscellaneous
 Q - a lamp of fire
Comestibles
 e - 65 rations {!d}


   Skills:
 * Level 10.0 Fighting
 * Level 9.4 Short Blades
   Level 0.1(4.8) Long Blades
 + Level 5.8 Throwing
 * Level 14.3 Dodging
 + Level 3.9 Stealth
 * Level 10.5 Shields
 + Level 9.5 Unarmed Combat
 * Level 18.4 Spellcasting
 * Level 17.1 Conjurations
 + Level 5.0 Charms
 * Level 10.4 Summonings
 * Level 10.6 Transmutations
 * Level 7.8 Fire Magic
 + Level 11.5 Ice Magic
 * Level 10.3 Air Magic
 * Level 7.7 Earth Magic
 * Level 8.3 Invocations
 * Level 8.7 Evocations


You had 7 spell levels left.
You knew the following spells:

 Your Spells              Type           Power        Failure   Level  Hunger
a - Fireball              Conj/Fire      ########..   1%          5    None
b - Bolt of Cold          Conj/Ice       ########..   1%          6    None
c - Summon Lightning Spi  Summ/Air       #######.     1%          5    None
d - Summon Ice Beast      Ice/Summ       #######.     1%          4    None
e - Iskenderun's Mystic   Conj           ########     0%          3    None
g - Ozocubu's Refrigerat  Ice            ########..   6%          6    None
h - Ozocubu's Armour      Chrm/Ice       #######.     1%          3    None
i - Dragon Form           Tmut           #######      43%         7    None
j - Statue Form           Tmut/Erth      #######..    16%         6    None
z - Irradiate             Conj/Tmut      ########..   1%          5    None

Your spell library contained the following spells:

 Spells                   Type           Power        Failure   Level  Hunger
 Magic Dart               Conj           ####         0%          1    None
 Searing Ray              Conj           ########     0%          2    None
 Throw Frost              Conj/Ice       ######       0%          2    None
 Beastly Appendage        Tmut           ######       1%          1    None
 Freeze                   Ice            ######       1%          1    None
 Infusion                 Chrm           #######.     1%          1    None
 Sandblast                Erth           ######       1%          1    None
 Sting                    Conj/Pois      ####         1%          1    None
 Summon Butterflies       Summ           #######.     1%          1    None
 Summon Small Mammal      Summ           ####         1%          1    None
 Call Imp                 Summ           ######       1%          2    None
 Flaming Arrows           Chrm/Fire      #######.     1%          2    None
 Passwall                 Tmut/Erth      #######.     1%          2    None
 Poisonous Vapours        Pois/Air       ######       1%          2    None
 Sticks to Snakes         Tmut           #######.     1%          2    None
 Swiftness                Chrm/Air       #######.     1%          2    None
 Call Canine Familiar     Summ           #######.     1%          3    None
 Conjure Flame            Conj/Fire      ########     1%          3    None
 Ignite Poison            Fire/Tmut/Pois #######.     1%          3    None
 Mephitic Cloud           Conj/Pois/Air  #######.     1%          3    None
 Spider Form              Tmut/Pois      ###          1%          3    None
 Airstrike                Air            #######...   1%          4    None
 Fulminant Prism          Conj/Hex       #######...   1%          4    None
 Ice Form                 Ice/Tmut       ########     1%          4    None
 Petrify                  Tmut/Erth      #######...   1%          4    None
 Sticky Flame             Conj/Fire      ########     1%          4    None
 Throw Icicle             Conj/Ice       ########     1%          4    None
 Blade Hands              Tmut           #######...   1%          5    None
 Bolt of Magma            Conj/Fire/Erth #######...   1%          5    None
 Freezing Cloud           Ice/Air        #######.     1%          5    None
 Iskenderun's Battlesphe  Conj/Chrm      ########     1%          5    None
 Summon Demon             Summ           #######...   1%          5    None
 Bolt of Draining         Conj/Necr      #######...   3%          5    None
 Venom Bolt               Conj/Pois      #######...   3%          5    None
 Apportation              Tloc           #####.       4%          1    None
 Blink Other              Tloc           #####.       4%          1    None
 Corona                   Hex            #####..      4%          1    None
 Necrotize                Necr           #####.       4%          1    None
 Slow                     Hex            #####...     4%          1    None
 Regeneration             Chrm/Necr      ######....   4%          3    None
 Summon Scorpions         Summ/Pois      #######.     4%          4    None
 Tree Form                Hex/Tmut       N/A          4%          4    None
 Yara's Violent Unravell  Hex/Tmut       #######...   4%          4    None
 Lee's Rapid Deconstruct  Erth           #######...   4%          5    None
 Iron Shot                Conj/Erth      ########..   4%          6    None
 Blink                    Tloc           N/A          7%          2    None
 Shackle                  Hex            #####...     7%          2    None
 Sublimation of Blood     Necr           #####.....   7%          2    None
 Steam Barrier            Chrm/Fire      #######...   9%          5    None
 Portal Projectile        Tloc           #####.       13%         3    None
 Teleport Other           Tloc           #####...     13%         3    None
 Silence                  Hex/Air        #######...   14%         5    None
 Summon Mana Viper        Hex/Summ       #######.     14%         5    None
 Poison Arrow             Conj/Pois      #######...   21%         6    None
 Deflect Missiles         Chrm/Air       #######...   28%         6    None
 Olgreb's Toxic Radiance  Pois           #####....    41%         4    None
 Shadow Creatures         Summ           N/A          45%         7    None
 Passage of Golubria      Tloc           N/A          77%         5    None
 Darkness                 Hex            #####.....   100%        6    None
 Invisibility             Hex            #####...     100%        6    None
 Virulence                Hex/Pois       #####...     100%        6    None
 Necromutation            Tmut/Necr      #######.     100%        8    None
 Tornado                  Tloc/Air       #######...   100%        8    None


Dungeon Overview and Level Annotations

Branches:
Dungeon (12/12)            Temple (1/1) D:6            Lair (6/6) D:9
 Shoals (3/3) Lair:4       Spider (3/3) Lair:3        Slime (0/5) Lair:6
    Orc (1/1) D:8             Elf (3/3) Orc          Vaults (3/3) D:11
  Crypt (0/2) Vaults:2     Depths (0/5) D:12

Altars:
Ashenzari
Cheibriados
Dithmenos
Elyvilon
Fedhas
Gozag
Hepliaklqana
Kikubaaqudgha
Lugonu
Makhleb
Qazlal
Ru
Sif Muna
Wu Jian
Xom
The Shining One
Jiyva

Shops:
D:4 %   D:5 *   Orc :*[!   Elf:3 !   Vaults:1 }   Vaults:2 (?:}%

Portals:
Abyss: Lair:6
Trove: Vaults:2 (give 4 scrolls of blinking)

Annotations:
Elf:2 3 runed doors


Innate Abilities, Weirdness & Mutations

Your spells do not cause hunger and MP costs are reduced by 1.
Your bright wings attract enemies. (Stealth-)
You cannot fit into any form of body armour.
((Your shimmering scales are hard and can block incoming attacks. (AC +10, SH +10)))
You are small and have problems with some larger weapons.
You can fly continuously.


Message History

No path to travel!
You hit the war gargoyle.
The war gargoyle is lightly damaged.
You block the war gargoyle's attack. You block the hellwing's attack.
The hellwing completely misses you.
The ironheart convoker points at the war gargoyle and mumbles some strange words.
The war gargoyle seems to grow stronger.
You block the fire giant's attack. The vault warden completely misses you.
You block the war gargoyle's attack. The vault warden closely misses you.
The hellwing barely misses you. The hellwing completely misses you.
The ironheart convoker points at the hellwing and mumbles some strange words.
The hellwing seems to grow stronger.
You block the fire giant's attack.
No path to travel!
You puncture the ironheart convoker!
The ironheart convoker is moderately wounded.
You block the war gargoyle's attack. You block the vault warden's attack.
You block the hellwing's attack. x2
The ironheart convoker completely misses you.
The vault warden hits you with a +4 battleaxe of chopping!!!
You die...

###############
#φ$="$$?$$[!$$#
#$)|$$=$[$$?)$#
#/:$)})?|?$)%:#
#[$$)...).....#
#=":).p9p...^.#
#$:}*Qp8).....#
#))$$.C.4....^#
#$$$).......$.#
#:()$.^.[...^...
#############...
... ...#.#
...#.##


You could see a fire giant, 2 vault wardens, a tengu reaver, a war gargoyle, an
ironheart convoker, a hellwing and a battlesphere.

Vanquished Creatures
  Bai Suzhen (Spider:3)
  Gastronok (D:12)
  Rupert (Lair:4)
  A tentacled monstrosity (Vaults:3)
  Asterion (Elf:3)
  A lich (Vaults:3)
  2 deep elf blademasters (Elf:3)
  Polyphemus (Shoals:3)
  Kirke (Spider:1)
  Donald (Shoals:2)
  3 frost giants (Vaults:3)
  5 deep elf sorcerers
  A fire giant (Vaults:1)
  5 emperor scorpions
  3 ghost moths (Spider:3)
  Aizul (Shoals:3)
  A deep elf elementalist (Elf:3)
  7 vault wardens
  A stone giant (Vaults:2)
  10 ironheart preservers
  4 very ugly things (Vaults:2)
  5 spark wasps
  7 deep elf annihilators (Elf:3)
  8 deep elf demonologists
  A minotaur (Gauntlet)
  5 entropy weavers
  The ghost of Morbidden the Grappler, a journeyman TrAc of Cheibriados (Lair:2)
  9 deep elf death magi (Elf:3)
  Urug (Lair:2)
  11 merfolk impalers
  3 merfolk javelineers
  4 deep elf high priests
  Josephine (Lair:4)
  2 ettins
  5 yaktaur captains (Vaults:1)
  2 fire dragons (Vaults:1)
  9 vault guards
  8 hydras
  2 merfolk avatars
  An ice dragon (Vaults:2)
  3 ogre magi (D:12)
  A great orb of eyes (Vaults:2)
  10 merfolk aquamancers
  16 dancing weapons
  A death yak (Shoals:3)
  2 satyrs
  2 deep troll earth magi
  A catoblepas (Lair:3)
  2 deep troll shamans (Vaults:2)
  A death ooze (Gauntlet)
  A queen ant (Gauntlet)
  7 two-headed ogres
  3 orc high priests (Orc)
  2 tengu warriors
  A large abomination (Lair:6)
  3 thrashing horrors (Lair:6)
  8 sea snakes
  Nergalle (Lair:1)
  A fire crab (shapeshifter) (D:11)
  19 centaur warriors
  16 deep elf knights
  A goliath frog (Lair:4)
  6 deep trolls
  A titan skeleton (Vaults:2)
  6 skeletal warriors (Vaults:2)
  4 hell knights (Vaults:2)
  A storm dragon skeleton (Vaults:2)
  6 wizards
  A glowing orange brain (Vaults:2)
  Pikel (D:4)
  An orc knight (Orc)
  5 ironheart convokers
  3 orange crystal statues
  18 deep elf archers
  2 wolf spider zombies
  18 harpies
  2 necromancers (Vaults:2)
  4 cyclopes
  4 oklob plants (Lair:4)
  13 orb spiders
  41 deep elf magi
  34 wolf spiders
  13 manticores
  7 orc sorcerers
  19 fauns
  A tengu skeleton (Vaults:2)
  21 ugly things
  8 elephants
  3 frost giant skeletons (Vaults:2)
  A moth of wrath (Spider:3)
  16 merfolk sirens
  2 stone giant skeletons (Vaults:2)
  7 vault sentinels
  2 black mambas
  2 smoke demons (Lair:6)
  7 water nymphs
  2 human skeletons (Vaults:2)
  A torpor snail (Spider:2)
  Joseph (D:8)
  14 cane toads
  5 rime drakes
  An efreet (D:11)
  45 jumping spiders
  13 demonic crawlers
  5 komodo dragons
  24 yaktaurs
  3 ancient zymes (Lair:6)
  3 polar bears
  A harpy zombie (D:12)
  3 tengu conjurers
  A queen bee (shapeshifter) (D:10)
  6 trolls
  A guardian mummy (Vaults:2)
  A queen bee (D:8)
  A meliai (shapeshifter) (Elf:1)
  5 hornets
  17 merfolk
  5 wind drakes
  A harpy skeleton (D:12)
  27 slime creatures
  15 hippogriffs
  2 human simulacra (Vaults:1)
  6 dream sheep (Shoals:1)
  30 blink frogs
  A fire giant simulacrum (Vaults:2)
  A meliai zombie (D:10)
  6 snapping turtles
  Prince Ribbit (D:5)
  Grum (D:9)
  An air elemental (Elf:1)
  An ettin skeleton (Vaults:2)
  2 ynoxinuls (Lair:6)
  27 tarantellas
  A spriggan (Lair:6)
  A yak (shapeshifter) (Elf:2)
  24 water elementals
  6 wraiths
  2 wyverns
  28 yaks
  4 hogs (Spider:1)
  3 basilisks
  A neqoxec (Vaults:3)
  3 fire elementals
  4 chaos spawn
  53 redbacks
  A hungry ghost (D:9)
  A yaktaur simulacrum (Vaults:2)
  2 vampire mosquitoes (D:10)
  An elf skeleton (Vaults:2)
  Edmund (D:5)
  24 crocodiles
  6 acid dragons
  10 porcupines
  Duvessa (D:5)
  7 water moccasins
  5 soldier ants
  5 sky beasts
  An ettin simulacrum (Vaults:1)
  A necrophage (D:6)
  A cane toad skeleton (D:10)
  19 orc warriors
  2 ice beasts
  9 ogres
  10 wolves
  4 phantoms
  3 boggarts (Vaults:1)
  A bullfrog (shapeshifter) (Vaults:3)
  6 kobold brigands
  11 bullfrogs
  11 small abominations (Lair:6)
  A gnoll sergeant (D:6)
  A cane toad simulacrum (Lair:2)
  2 earth elementals (Elf:1)
  Dowan (D:5)
  13 centaurs
  A hornet simulacrum (D:12)
  4 scorpions
  A blink frog simulacrum (Lair:2)
  20 killer bees
  18 wights
  An electric eel (D:10)
  A howler monkey (shapeshifter) (Vaults:2)
  16 orc priests
  2 howler monkeys
  A komodo dragon simulacrum (Lair:2)
  3 crimson imps
  5 jellies
  A hippogriff simulacrum (Lair:2)
  4 hounds
  2 bullfrog skeletons
  Ijyb (D:5)
  Jessica (D:2)
  12 iguanas
  12 orc wizards
  10 worker ants
  Terence (D:2)
  A bullfrog simulacrum (Lair:2)
  A hound zombie (D:6)
  3 hound skeletons
  A porcupine simulacrum (Lair:2)
  2 worker ant zombies
  12 gnolls
  6 adders
  A crocodile simulacrum (Lair:2)
  A shadow imp (D:9)
  An ooze (D:3)
  2 adder zombies
  3 adder skeletons
  A worm (D:4)
  2 dart slugs
  9 leopard geckos
  54 orcs
  3 giant cockroaches
  9 hobgoblins
  6 jackals
  4 quokkas
  A ball python (D:1)
  6 bats
  14 frilled lizards
  8 goblins
  34 kobolds
  6 rats
  10 fungi
  18 plants
1426 creatures vanquished.

Vanquished Creatures (collateral kills)
  Saint Roka (Orc)
  Jorgrun (Shoals:3)
  An emperor scorpion (Spider:3)
  An ironheart preserver (Vaults:2)
  A hydra (D:12)
  A merfolk avatar (Shoals:3)
  An orc high priest (Orc)
  2 sea snakes (Shoals:3)
  A centaur warrior (Vaults:1)
  An ironheart convoker (Vaults:1)
  A deep elf archer (Elf:1)
  A deep elf mage (Elf:1)
  2 manticores
  2 wolf spiders (Spider:3)
  An orb spider (Spider:3)
  A moth of wrath (Spider:3)
  A merfolk siren (Shoals:3)
  A water nymph (shapeshifter) (Vaults:1)
  A jumping spider (Spider:1)
  A merfolk (Shoals:3)
  2 trolls
  A slime creature (D:10)
  A tarantella (Spider:1)
  2 redbacks (Spider:1)
  2 orc warriors (Orc)
  An ogre (Orc)
  3 centaurs (D:11)
  4 orc priests (Orc)
  2 orc wizards (Orc)
  7 orcs (Orc)
48 creatures vanquished.

Vanquished Creatures (others)
  2 deep elf master archers (Elf:3)
  A catoblepas (Shoals:3)
  A death yak (Shoals:3)
  A sea snake (Shoals:3)
  A deep elf mage (Elf:1)
  A vault sentinel (Vaults:1)
  A human (Spider:1)
  A tarantella (Spider:1)
  A chaos spawn (Lair:6)
  A boggart (Vaults:1)
  8 fungi
  67 plants
86 creatures vanquished.

Grand Total: 1560 creatures vanquished

Notes
Turn   | Place    | Note
-------+----------+-------------------------------------------
     0 | D:1      | Morbidden the Fairy Conjurer began the quest for the Orb.
     0 | D:1      | Reached XP level 1. HP: 11/11 MP: 6/6
    94 | D:1      | Reached skill level 5 in Conjurations
   231 | D:1      | Reached XP level 2. HP: 17/17 MP: 7/7
   640 | D:2      | Noticed Jessica
   643 | D:2      | Reached XP level 3. HP: 13/21 MP: 9/9
   645 | D:2      | Killed Jessica
   646 | D:2      | Reached skill level 3 in Spellcasting
   686 | D:2      | Learned a level 2 spell: Searing Ray
   690 | D:2      | Learned a level 3 spell: Iskenderun's Mystic Blast
   724 | D:2      | Reached XP level 4. HP: 27/27 MP: 10/10
  1125 | D:2      | Noticed Terence
  1130 | D:2      | Killed Terence
  1388 | D:3      | Reached skill level 1 in Fighting
  1511 | D:3      | Reached XP level 5. HP: 8/33 MP: 10/12
  1530 | D:3      | Reached skill level 1 in Throwing
  1541 | D:3      | Reached skill level 4 in Spellcasting
  1579 | D:3      | Reached XP level 6. HP: 26/38 MP: 0/14
  2230 | D:4      | Noticed Pikel
  2273 | D:4      | Killed Pikel
  2274 | D:4      | Reached skill level 6 in Spellcasting
  2274 | D:4      | Reached XP level 7. HP: 30/45 MP: 8/18
  2443 | D:4      | Found Nexisi's Food Shoppe.
  2451 | D:4      | Reached XP level 8. HP: 43/51 MP: 17/19
  2526 | D:4      | Learned a level 5 spell: Irradiate
  3533 | D:5      | Entered Level 5 of the Dungeon
  3607 | D:5      | Noticed Prince Ribbit
  3610 | D:5      | Killed Prince Ribbit
  3611 | D:5      | Reached skill level 5 in Dodging
  3611 | D:5      | Reached skill level 1 in Unarmed Combat
  3653 | D:5      | Reached skill level 1 in Transmutations
  3722 | D:5      | Reached skill level 7 in Spellcasting
  3815 | D:5      | Noticed Edmund
  3823 | D:5      | Killed Edmund
  3824 | D:5      | Reached skill level 1 in Short Blades
  3824 | D:5      | Reached XP level 9. HP: 55/55 MP: 14/22
  4263 | D:5      | Noticed Duvessa
  4264 | D:5      | Noticed Dowan
  4269 | D:5      | Killed Duvessa
  4270 | D:5      | Reached skill level 8 in Spellcasting
  4278 | D:5      | Killed Dowan
  4544 | D:5      | Noticed Ijyb
  4557 | D:5      | Killed Ijyb
  4751 | D:5      | Found Puim Wuhur's General Store.
  5774 | D:6      | Found a staircase to the Ecumenical Temple.
  5949 | Temple   | Entered the Ecumenical Temple
  6192 | Temple   | Became a worshipper of Cheibriados the Contemplative
  6515 | D:7      | Noticed a troll
  6520 | D:7      | Reached XP level 10. HP: 63/63 MP: 19/24
  6523 | D:7      | Reached skill level 9 in Spellcasting
  6523 | D:7      | Reached skill level 10 in Conjurations
  6854 | D:7      | Found a blossoming altar of Fedhas.
  7059 | D:7      | Reached * piety under Cheibriados
  7072 | D:7      | Found a glowing golden altar of the Shining One.
  7122 | D:7      | Noticed a centaur warrior
  7134 | D:7      | Killed a centaur warrior
  7880 | D:8      | Got a crude dagger
  7881 | D:8      | Identified the +8 dagger of Yqyte {chaos, *Slow Dex+5} (You
                  | found it on level 8 of the Dungeon)
  7960 | D:8      | Noticed a two-headed ogre
  7965 | D:8      | Killed a two-headed ogre
  8076 | D:8      | Reached skill level 10 in Spellcasting
  8076 | D:8      | Noticed Joseph
  8079 | D:8      | Paralysed by Joseph for 3 turns
  8083 | D:8      | Killed Joseph
  8155 | D:8      | Found a staircase to the Orcish Mines.
  8207 | D:8      | Reached ** piety under Cheibriados
  8313 | D:8      | Reached XP level 11. HP: 69/69 MP: 15/27
  8348 | D:8      | Reached *** piety under Cheibriados
  9327 | D:9      | Noticed a cyclops
  9331 | D:9      | Killed a cyclops
  9579 | D:9      | Reached **** piety under Cheibriados
  9634 | D:9      | Reached skill level 5 in Transmutations
  9712 | D:9      | Found a staircase to the Lair.
 10057 | D:9      | Found a shimmering altar of Xom.
 10063 | D:9      | Reached skill level 11 in Spellcasting
 10078 | D:9      | Reached skill level 5 in Unarmed Combat
 10153 | D:9      | Found the +7 mace of Variability {chain chaos}
 10160 | D:9      | Noticed Grum
 10164 | D:9      | Killed Grum
 10366 | D:9      | Found a burning altar of Makhleb.
 10441 | Lair:1   | Entered Level 1 of the Lair of Beasts
 10541 | Lair:1   | Learned a level 4 spell: Summon Ice Beast
 10547 | Lair:1   | Learned a level 5 spell: Summon Lightning Spire
 10898 | Lair:1   | Noticed Nergalle
 10901 | Lair:1   | Reached skill level 1 in Ice Magic
 10904 | Lair:1   | Noticed a spectral orc warlord
 10905 | Lair:1   | Killed Nergalle
 10906 | Lair:1   | Reached XP level 12. HP: 76/76 MP: 15/29
 10956 | Lair:1   | Reached skill level 5 in Throwing
 11062 | Lair:1   | Reached ***** piety under Cheibriados
 11063 | Lair:1   | Reached skill level 1 in Air Magic
 11066 | Lair:1   | Reached skill level 1 in Summonings
 11288 | Lair:2   | Noticed Urug
 11356 | Lair:2   | Found a gate leading to a gauntlet.
 11367 | Gauntlet | Entered a Gauntlet
 11367 | Gauntlet | Found a transporter.
 11367 | Gauntlet | Found a transporter.
 11371 | Gauntlet | Found a transporter.
 11371 | Gauntlet | Found a transporter.
 11380 | Gauntlet | Noticed a queen ant
 11382 | Gauntlet | Found a transporter.
 11382 | Gauntlet | Found a transporter.
 11391 | Gauntlet | Found a transporter.
 11391 | Gauntlet | Found a transporter.
 11392 | Gauntlet | Noticed a death ooze
 11414 | Gauntlet | Found a transporter.
 11422 | Gauntlet | Found the ring of Phasing {EV+8}
 11426 | Gauntlet | Found a transporter.
 11445 | Gauntlet | Noticed a tengu warrior
 11446 | Gauntlet | Found a transporter.
 11459 | Gauntlet | Noticed a death ooze
 11460 | Gauntlet | Found a transporter.
 11497 | Gauntlet | Found a transporter.
 11512 | Gauntlet | Found a transporter.
 11514 | Gauntlet | Identified the ring of Hila {Ice rElec}
 11612 | Gauntlet | Found a transporter.
 11628 | Gauntlet | Found the +2 cloak of the Thief {+Fog +Inv Slay-2 SInv
                  | Stlth+}
 11629 | Gauntlet | Found a transporter.
 11731 | Gauntlet | Killed a tengu warrior
 11732 | Gauntlet | Reached skill level 5 in Fighting
 11863 | Gauntlet | Reached skill level 12 in Spellcasting
 11868 | Gauntlet | Killed a queen ant
 11946 | Gauntlet | Killed a death ooze
 11962 | Gauntlet | Got a brightly glowing glass ring
 11963 | Gauntlet | Identified the cursed ring of Departure {+Blink rC+
                  | Stlth--} (You found it in a Gauntlet)
 12055 | Gauntlet | Noticed a minotaur
 12062 | Gauntlet | Killed a minotaur
 12067 | Gauntlet | Got a clouded pewter amulet
 12293 | Lair:2   | Learned a level 4 spell: Throw Icicle
 12414 | Lair:2   | Killed Urug
 12556 | Lair:2   | Reached XP level 13. HP: 82/82 MP: 19/31
 12584 | Lair:2   | Identified the amulet "Dorygauz" {Inacc rF+} (You found it
                  | in a Gauntlet)
 12604 | Lair:2   | Noticed Morbidden's ghost (journeyman TrAc)
 12834 | Lair:2   | Found a runed translucent gate.
 12834 | Lair:2   | Found a runed translucent gate.
 12834 | Lair:2   | Found a runed translucent gate.
 13144 | Lair:2   | Killed Morbidden's ghost
 13256 | Lair:2   | Got the ring "Vyaloc" {Fire}
 13261 | Lair:2   | Identified the ring "Vyaloc" {Fire *Contam rN++} (You found
                  | it on level 2 of the Lair of Beasts)
 13456 | Lair:3   | Reached skill level 13 in Spellcasting
 13676 | Lair:3   | Got a flickering amethyst amulet
 13677 | Lair:3   | Identified the amulet "Aguor" {RegenMP Stlth+} (You found
                  | it on level 3 of the Lair of Beasts)
 13706 | Lair:3   | Found a hole to the Spider Nest.
 13956 | Lair:3   | Reached skill level 5 in Ice Magic
 14286 | Lair:4   | Reached ****** piety under Cheibriados
 14460 | Lair:4   | Learned a level 6 spell: Ozocubu's Refrigeration
 14462 | Lair:4   | Noticed Josephine
 14465 | Lair:4   | Killed Josephine
 14607 | Lair:4   | Found a staircase to the Shoals.
 14726 | Lair:4   | Noticed Rupert
 14741 | Lair:4   | Killed Rupert
 14791 | Lair:4   | Reached XP level 14. HP: 90/90 MP: 27/33
 15388 | Lair:5   | Reached skill level 14 in Spellcasting
 15673 | Lair:5   | Reached skill level 10 in Dodging
 16143 | Lair:5   | Learned a level 3 spell: Ozocubu's Armour
 16532 | Lair:6   | Entered Level 6 of the Lair of Beasts
 16697 | Lair:6   | Reached skill level 1 in Invocations
 16864 | Lair:6   | Found a viscous altar of Jiyva.
 16864 | Lair:6   | Found a staircase to the Slime Pits.
 16999 | Lair:6   | Reached skill level 5 in Summonings
 17148 | Lair:6   | Reached skill level 1 in Evocations
 17150 | Lair:6   | Reached skill level 5 in Air Magic
 18330 | Lair:6   | Reached XP level 15. HP: 95/95 MP: 29/35
 18338 | Lair:6   | Found a corrupted altar of Lugonu.
 18338 | Lair:6   | Found a one-way gate to the infinite horrors of the Abyss.
 18577 | D:10     | Entered Level 10 of the Dungeon
 19257 | D:11     | Found a transporter.
 19523 | D:11     | Reached skill level 1 in Shields
 19541 | D:11     | Reached skill level 15 in Spellcasting
 19608 | D:11     | Found a gate to the Vaults.
 19655 | D:11     | Found an opulent altar of Gozag.
 19873 | D:11     | Found a transporter.
 19895 | D:11     | Reached skill level 1 in Charms
 20546 | D:12     | Entered Level 12 of the Dungeon
 20746 | D:12     | Noticed Gastronok
 20761 | D:12     | Killed Gastronok
 20770 | D:12     | Found a staircase to the Depths.
 21147 | D:12     | Reached XP level 16. HP: 101/101 MP: 26/37
 21398 | Orc      | Entered the Orcish Mines
 21398 | Orc      | Noticed Saint Roka
 21630 | Orc      | Paralysed by an orc sorcerer for 2 turns
 21728 | Orc      | Found a staircase to the Elven Halls.
 21737 | Orc      | Reached skill level 5 in Short Blades
 21978 | Orc      | Found Miqebame's Distillery.
 21978 | Orc      | Found Fot Qey's Antique Armour Emporium.
 21979 | Orc      | Found Ruoggoy's Book Shoppe.
 21983 | Orc      | Found Wungop's General Store.
 21988 | Orc      | Bought a pair of runed boots for 157 gold pieces
 22005 | Orc      | Bought the +2 buckler of Mirth {rC+ Str+2 Stlth+} for 477
                  | gold pieces
 22052 | Orc      | Killed Saint Roka
 22579 | Orc      | Bought a book of Transfigurations for 770 gold pieces
 22587 | Orc      | Learned a level 7 spell: Dragon Form
 22862 | Spider:1 | Entered Level 1 of the Spider Nest
 23112 | Spider:1 | Reached skill level 15 in Conjurations
 23230 | Spider:1 | Reached skill level 10 in Ice Magic
 23293 | Spider:1 | Found a transporter.
 23547 | Spider:1 | Found the +4 robe of Augmentation {Str+4 Int+4 Dex+4}
 23550 | Spider:1 | Found a transporter.
 23596 | Spider:1 | Noticed Kirke
 23606 | Spider:1 | Killed Kirke
 23607 | Spider:1 | Reached skill level 16 in Spellcasting
 23750 | Spider:1 | Learned a level 6 spell: Statue Form
 24507 | Spider:1 | Reached skill level 1 in Earth Magic
 24512 | Spider:1 | Reached XP level 17. HP: 108/108 MP: 14/39
 24580 | Spider:1 | Identified the cursed amulet of Baffare {Inacc Dex+2,
                  | pickup} (You found it on level 1 of the Spider Nest)
 25553 | Spider:2 | Noticed Bai Suzhen
 25995 | Spider:2 | Reached skill level 5 in Shields
 26177 | Spider:3 | Entered Level 3 of the Spider Nest
 26583 | Spider:3 | Reached skill level 5 in Invocations
 27016 | Spider:3 | Killed Bai Suzhen
 27332 | Spider:3 | Reached skill level 5 in Evocations
 27485 | Spider:3 | Reached XP level 18. HP: 78/116 MP: 19/40
 27698 | Spider:3 | Got a gossamer rune of Zot
 27970 | Shoals:1 | Entered Level 1 of the Shoals
 28321 | Orc      | Bought Gaph's Compendium of Damaging Evil Rites for 616
                  | gold pieces
 28328 | Orc      | Learned a level 5 spell: Fireball
 28816 | Shoals:1 | Reached skill level 1 in Fire Magic
 29035 | Shoals:1 | Reached skill level 17 in Spellcasting
 29088 | Shoals:1 | Learned a level 6 spell: Bolt of Cold
 30148 | Shoals:2 | Reached skill level 5 in Charms
 30239 | Shoals:2 | Noticed Donald
 30243 | Shoals:2 | Killed Donald
 30930 | Shoals:3 | Entered Level 3 of the Shoals
 31050 | Shoals:3 | Noticed Polyphemus
 31189 | Shoals:3 | Reached XP level 19. HP: 111/122 MP: 24/42
 31210 | Shoals:3 | Noticed Aizul
 31216 | Shoals:3 | Killed Aizul
 31245 | Shoals:3 | Killed Polyphemus
 31376 | Shoals:3 | Found a shattered altar of Ashenzari.
 31461 | Shoals:3 | Noticed Jorgrun
 31758 | Shoals:3 | Killed Jorgrun
 32046 | Shoals:3 | Got a barnacled rune of Zot
 32426 | Shoals:3 | Identified the Catalogue of Creation and Envenoming
 32825 | Vaults:1 | Entered Level 1 of the Vaults
 33160 | Vaults:1 | Reached skill level 5 in Earth Magic
 33270 | Vaults:1 | Paralysed by a floating eye for 2 turns
 33626 | Vaults:1 | Reached skill level 5 in Fire Magic
 33654 | Vaults:1 | Reached XP level 20. HP: 129/129 MP: 43/43
 33854 | Vaults:1 | Found the ring of Shadows {Umbra +Inv rN+ Stlth++}
 34205 | Vaults:1 | Found Nibocraw's Gadget Emporium.
 34518 | Vaults:2 | Found Beof's Book Boutique.
 34543 | Vaults:2 | Found Memyva's Weapon Emporium.
 34547 | Vaults:2 | Found Foxui's Magic Scroll Shoppe.
 34666 | Vaults:2 | Found a portal to a secret trove of treasure.
 35018 | Vaults:2 | Found a staircase to the Crypt.
 35066 | Vaults:2 | Found Diameisi's Food Shop.
 35068 | Vaults:2 | Found Kixug's Gadget Emporium.
 35270 | Vaults:2 | Reached skill level 10 in Transmutations
 35315 | Vaults:2 | Reached skill level 18 in Spellcasting
 35344 | Vaults:2 | Identified the cursed ring of Zin's Righteous Fury {Ice
                  | Int+4 Dex+4}
 36242 | Elf:1    | Entered Level 1 of the Elven Halls
 36447 | Elf:1    | Reached XP level 21. HP: 135/135 MP: 39/45
 36841 | Elf:1    | Reached skill level 10 in Air Magic
 37241 | Elf:1    | Identified the +7 fustibalus of Igofyah {venom, +Blink
                  | SInv}
 38017 | Elf:2    | Found a runed gate.
 38018 | Elf:2    | Found a runed gate.
 38018 | Elf:2    | Found a runed gate.
 38076 | Elf:2    | Identified a scroll of acquirement
 38078 | Elf:2    | Identified the +1 pair of gloves "Orubuass" {*Slow Str+8
                  | Slay+4} (You acquired it on level 2 of the Elven Halls)
 38078 | Elf:2    | Identified the ring of Polah {Wiz rC- MP+9 Str+3 Int+6}
                  | (You acquired it on level 2 of the Elven Halls)
 38078 | Elf:2    | Identified the Reference Book on Torrid Attacks (You
                  | acquired it on level 2 of the Elven Halls)
 38124 | Elf:3    | Entered Level 3 of the Elven Halls
 38143 | Elf:3    | Found Serurchualo's Distillery.
 38153 | Elf:3    | Identified the +3 medium shield of Impatience {rF+ Int+3}
 38153 | Elf:3    | Noticed Asterion
 38174 | Elf:3    | Killed Asterion
 38487 | Elf:3    | Reached skill level 10 in Summonings
 39123 | Elf:3    | Reached skill level 10 in Shields
 39330 | Elf:3    | Identified the amulet "Taorphu" {Regen *Drain Fragile Str+9
                  | Dex+2}
 39332 | Elf:3    | Identified the +5 dagger of Tifraib {drain, Dex+2}
 39412 | Elf:3    | Reached XP level 22. HP: 75/143 MP: 6/46
 39479 | Elf:3    | Identified the +9 dire flail of Boxiosawk {freeze, *Contam
                  | rPois Int+4 SInv}
 39608 | Elf:3    | Identified the Tome of Hurtful Self-Improvement
 39612 | Elf:3    | Identified the Compendium of Entrancing Transmigration
 39621 | Elf:3    | Identified the +1 cloak of Sunlight {rPois Str+5 Dex-4}
 39623 | Elf:3    | Identified the Almanac of Transmigration and Self-Knowledge
 39629 | Elf:3    | Identified the +4 pair of boots of the Many Hells {rPois}
 39661 | Elf:3    | Identified the +5 ring mail of Action {rPois rC- Str+4}
 40261 | Vaults:3 | Entered Level 3 of the Vaults
 40280 | Vaults:3 | Reached skill level 10 in Fighting
 40327 | Vaults:3 | Mangled by a vault warden

Skill      XL: |  1  2  3  4  5  6  7  8  9 10 11 12 13 14 15 16 17 18 19 20 21 22 |
---------------+-------------------------------------------------------------------+-----
Conjurations   | 5 6 7 9 10 12 13 14 15 16 17 | 17.1
Dodging        | 3 4 5 6 7 8 9 10 11 12 13 14 | 14.3
Spellcasting   | 3 4 6 7 8 10 11 12 13 14 15 16 17 18 | 18.4
Fighting       | 1 2 3 4 5 6 7 8 9 10 | 10.0
Throwing       | 1 2 3 4 5 |  5.8
Stealth        | 2 3 |  3.9
Unarmed Combat | 1 3 4 5 6 7 8 9 |  9.5
Transmutations | 1 2 3 5 6 7 8 9 10 | 10.6
Short Blades   | 1 2 3 4 5 6 7 8 9 |  9.4
Ice Magic      | 1 3 6 8 9 10 11 | 11.5
Air Magic      | 2 4 5 6 7 8 9 10 | 10.3
Summonings     | 2 4 5 6 7 8 9 10 | 10.4
Invocations    | 2 3 4 5 6 7 8 |  8.3
Evocations     | 1 2 4 5 6 7 8 |  8.7
Shields        | 3 4 5 6 7 9 10 | 10.5
Charms         | 2 3 4 5 |  5.0
Earth Magic    | 1 2 4 5 6 7 |  7.7
Fire Magic     | 3 5 6 7 |  7.8
Long Blades    | |  0.1

Action                   |  1- 3 |  4- 6 |  7- 9 | 10-12 | 13-15 | 16-18 | 19-21 | 22-24 || total
-------------------------+-------+-------+-------+-------+-------+-------+-------+-------++-------
Melee: Dagger            |       |    29 |    41 |    75 |    92 |   197 |     7 |       ||   441
       Punch             |       |       |       |       |     4 |       |    11 |       ||    15
       Scimitar          |       |       |       |       |       |    12 |       |       ||    12
       Rapier            |       |       |       |       |       |       |   570 |    65 ||   635
       Unarmed           |       |       |       |       |       |       |   215 |       ||   215
       Tailslap          |       |       |       |       |       |       |    50 |       ||    50
       Bite              |       |       |       |       |       |       |    36 |       ||    36
Throw: Tomahawk          |       |       |     3 |    19 |     1 |    22 |    17 |     2 ||    64
 Cast: Magic Dart        |    52 |    76 |   145 |    21 |     2 |     5 |       |       ||   301
       Searing Ray       |       |     8 |    42 |    13 |     5 |     3 |       |       ||    71
       Iskenderun's Myst |       |       |     8 |   231 |   157 |   378 |       |       ||   774
       Irradiate         |       |       |       |     1 |     1 |     2 |       |     2 ||     6
       Throw Icicle      |       |       |       |    21 |   407 |   185 |       |       ||   613
       Summon Lightning  |       |       |       |     1 |     2 |    22 |    11 |     1 ||    37
       Ozocubu's Refrige |       |       |       |       |    24 |    25 |    10 |       ||    59
       Ozocubu's Armour  |       |       |       |       |     4 |     2 |     1 |       ||     7
       Summon Ice Beast  |       |       |       |       |    15 |    33 |    10 |       ||    58
       Fireball          |       |       |       |       |       |    89 |    71 |     2 ||   162
       Bolt of Cold      |       |       |       |       |       |    79 |   212 |    10 ||   301
       Statue Form       |       |       |       |       |       |       |     3 |     1 ||     4
       Dragon Form       |       |       |       |       |       |       |     2 |       ||     2
Invok: Defer             |       |       |       |       |       |     1 |       |       ||     1
       Temporal Distorti |       |       |       |       |       |     1 |       |       ||     1
       Step From Time    |       |       |       |       |       |       |       |     1 ||     1
 Abil: End Transformatio |       |       |       |       |       |       |     1 |     1 ||     2
       Breathe Fire      |       |       |       |       |       |       |     1 |       ||     1
Evoke: Wand              |       |       |       |       |     2 |     6 |       |       ||     8
       Lamp of fire      |       |       |       |       |       |     5 |     5 |       ||    10
       Box of beasts     |       |       |       |       |       |     1 |       |       ||     1
       Phantom mirror    |       |       |       |       |       |     1 |       |       ||     1
  Use: Scroll            |       |     1 |       |     5 |    24 |    17 |     2 |       ||    49
       Potion            |       |     4 |       |       |       |     2 |     1 |     2 ||     9
 Stab: Sleeping          |       |       |       |       |     1 |       |     9 |       ||    10
       Distracted        |       |       |       |       |     1 |     1 |     4 |       ||     6
  Eat: Chunk             |       |     5 |    15 |    17 |    27 |    33 |    32 |     3 ||   132
       Ration            |       |       |       |     1 |       |       |     3 |     1 ||     5
Armor: Skin              |     7 |     8 |    26 |    28 |    13 |    45 |   100 |    26 ||   253
Dodge: Dodged            |     8 |    38 |    74 |   253 |   227 |   571 |   890 |   225 ||  2286
Block: Other             |     2 |    12 |    29 |    79 |    60 |       |   110 |       ||   292
       Buckler           |       |       |       |       |    65 |   618 |   717 |       ||  1400
       Medium shield     |       |       |       |       |       |       |   161 |   228 ||   389
       Reflection        |       |       |       |       |       |       |    32 |     1 ||    33
